 Dungeon Crawl Stone Soup version 0.26-b1-45-g23770d1d51 (webtiles) character file.

Game seed: 10176738670468112169

249 DocSulfur the Ruffian (level 5, -1/42 HPs)
             Began as a Draconian Transmuter on Jan 6, 2021.
             Slain by anything's ghost (7 damage)
             ... on level 3 of the Dungeon.
             The game lasted 00:04:48 (4204 turns).

DocSulfur the Ruffian (Draconian Transmuter)        Turns: 4204, Time: 00:04:49

Health: -1/42      AC:  6    Str: 13    XL:     5   Next: 87%
Magic:  7/9        EV: 12    Int: 14    God:
Gold:   221        SH:  0    Dex: 11    Spells: 6/9 levels left

rFire    . . .     SeeInvis .     - Unarmed
rCold    . . .     Faith    .   (no shield)
rNeg     . . .     Spirit   .   (armour unavailable)
rPois    .         Reflect  .   (helmet currently unavailable)
rElec    .         Harm     .   (no cloak)
rCorr    .         Rampage  .   n - +0 pair of gloves
Will     .....                  (boots currently unavailable)
Stlth    +.........             (no amulet)
HPRegen  0.14/turn              (no ring)
MPRegen  0.11/turn              (no ring)

@: about to teleport, appendages (expiring), wereblooded, berserk cooldown,
slowed, very slow
A: unfitting armour, horns 2, talons 2, cold-blooded, AC +5
a: End Transformation


You were on level 3 of the Dungeon.
You had grown temporary horns.
You had grown temporary talons.
You visited 1 branch of the dungeon, and saw 3 of its levels.

You collected 221 gold pieces.

Inventory:

Missiles
 g - 68 stones
 h - 22 arrows
 i - 5 bolts
Armour
 n - a +0 pair of gloves (worn)
 q - a +0 pair of boots (melded)
Jewellery
 p - a +4 ring of protection
Wands
 r - a wand of acid (9)
Scrolls
 c - 2 scrolls of teleportation
 d - a scroll of enchant armour {unknown}
 j - a scroll of fog
 k - a scroll of noise {unknown}
 l - a scroll of immolation {unknown}
 m - 2 scrolls of remove curse
Potions
 a - a potion of flight {unknown}
 b - a potion of resistance {unknown}
 e - a potion of brilliance
 f - a potion of berserk rage


   Skills:
 + Level 2.5 Fighting
 - Level 1.7 Dodging
 * Level 4.5 Unarmed Combat
 + Level 2.9 Spellcasting
 * Level 3.9 Transmutations


You had 6 spell levels left.
You knew the following spells:

 Your Spells              Type           Power        Failure   Level
a - Beastly Appendage     Tmut           26%          4%          1
b - Wereblood             Tmut           13%          6%          2

Your spell library contained the following spells:

 Spells                   Type           Power        Failure   Level
 Spider Form              Tmut/Pois      3%           28%         3
 Ice Form                 Ice/Tmut       7%           67%         4
 Blade Hands              Tmut           6%           75%         5


Dungeon Overview and Level Annotations

Branches:
Dungeon (3/15)

Altars:

Annotations:
D:3 anything's ghost, amateur FoFi


Innate Abilities, Weirdness & Mutations

Your plain brown scales are hard. (AC +5)
You cannot fit into any form of body armour.
You are cold-blooded and may be slowed by cold attacks.
You have a pair of horns on your head.
You have razor-sharp toenails.


Message History

Anything's ghost hits you!
You barely miss anything's ghost. Anything's ghost hits you!
Your transformation is almost over.
You are no longer berserk.
You are exhausted.
You feel yourself slow down.
There is an open translucent door, spattered with blood here.
You hit anything's ghost. Your kick misses anything's ghost.
You tail-slap anything's ghost, but do no damage.
Anything's ghost is lightly damaged.
Anything's ghost hits you!
You hit anything's ghost but do no damage.
Anything's ghost is lightly damaged.
Anything's ghost hits you!
* * * LOW HITPOINT WARNING * * *
Okay, then.
As you read the scroll of teleportation, it crumbles to dust.
You feel strangely unstable.
Anything's ghost wails, "You will join me soon!"
Anything's ghost hits you!
You die...

..#####.......## #.#.#..##.# #..
....##..<......###....#.##.######
.....'.........'.................
..#.##.........####...#.#########
.##.###.......## ##.##.# #. .##.#
##.....##########.# #. .##.#
##...####..# ##.## #. ....#
#########†####...# #. .####
#≈?≈≈≈W@.##.....# #. .#
########.##.#...# #) .# ##.##
##..##.##### #. .#
##...#####.##.# #####. .#
#####..........##.# ####.....
.###...##.......####.# ##....###.
................####.# #.....# #.
####...##≈≈≈≈≈≈≈≈....# #....># ##
###≈≈≈≈≈≈≈≈≈≈≈≈≈≈≈###8..8.#


You could see anything's ghost.

Vanquished Creatures
  A bullfrog (D:3)
  An orc wizard (D:3)
  9 adders
  A worm (D:3)
  2 dart slugs (D:3)
  2 leopard geckos
  10 orcs (D:3)
  5 bats
  3 giant cockroaches
  7 goblins
  8 hobgoblins
  3 jackals (D:1)
  A quokka (D:3)
  5 frilled lizards
  8 kobolds
  6 rats
72 creatures vanquished.

Notes
Turn   | Place    | Note
-------+----------+-------------------------------------------
     0 | D:1      | DocSulfur the Draconian Transmuter began the quest for the
                  | Orb.
     0 | D:1      | Reached XP level 1. HP: 16/16 MP: 3/3
   317 | D:1      | Reached XP level 2. HP: 21/23 MP: 5/5
   915 | D:1      | Reached XP level 3. HP: 26/28 MP: 6/6
  2246 | D:2      | Reached XP level 4. HP: 36/36 MP: 5/7
  2953 | D:3      | Reached skill level 4 in Unarmed Combat
  3185 | D:3      | Reached XP level 5. HP: 41/41 MP: 8/8
  3944 | D:3      | Found a runed translucent door.
  4159 | D:3      | Noticed anything's ghost (amateur FoFi)
  4165 | D:3      | Learned a level 2 spell: Wereblood
  4204 | D:3      | Slain by anything's ghost

Illustrated notes

Levels and vault maps discovered:
D:1:      minmay_arrival_stair_chambers, layout_basic, nrook_mini_backslash
D:2:      layout_basic, corexii_hall_statues_s
D:3:      wander_river, layout_loops_corners, ebering_ghost_sewer_d

Skill      XL: |  1  2  3  4 |
---------------+-------------+-----
Transmutations | 3 |  3.9
Unarmed Combat | 4 |  4.5
Fighting       | 2 |  2.5
Dodging        | |  1.7
Spellcasting   | |  2.9

Action                   |  1- 3 |  4- 6 || total
-------------------------+-------+-------++-------
Melee: Unarmed           |   128 |   112 ||   240
       Tailslap          |     9 |    11 ||    20
       Headbutt          |     4 |     9 ||    13
       Punch             |     1 |     3 ||     4
       Kick              |     3 |    18 ||    21
 Cast: Beastly Appendage |     9 |    26 ||    35
       Wereblood         |       |     1 ||     1
  Use: Scroll            |       |     6 ||     6
       Potion            |       |     1 ||     1
 Stab: Sleeping          |     1 |       ||     1
Armor: Skin              |    38 |    26 ||    64
Dodge: Dodged            |    88 |    49 ||   137
